 Dungeon Crawl Stone Soup version 0.28-a0-29-g0adfcbbeba (webtiles) character file.

Game seed: 10447601759755809830

8783 Conn the Arsonist (level 11, 0/67 HPs)
             Began as an Octopode Fire Elementalist on July 27, 2021.
             Was an Initiate of Sif Muna.
             Slain by a cane toad (18 damage)
             ... on level 1 of the Lair of Beasts.
             The game lasted 00:34:16 (12569 turns).

Conn the Arsonist (Octopode Fire Elementalist)     Turns: 12569, Time: 00:34:17

Health: 0/67       AC:  1    Str:  7    XL:     11   Next: 36%
Magic:  0/22       EV: 14    Int: 21    God:    Sif Muna [......]
Gold:   367        SH:  0    Dex: 13    Spells: 5/24 levels left

rFire   + . .      SeeInvis .   b - +2 dagger (protect)
rCold   x . .      Faith    .   (no shield)
rNeg    . . .      Spirit   .   (helmet restricted)
rPois   .          Reflect  .   (no amulet)
rElec   .          Harm     .   r - ring of fire
rCorr   .          Rampage  .   (no ring)
Will    .....                   (no ring)
Stlth   ++++......              (no ring)
HPRegen 0.21/turn               (no ring)
MPRegen 0.18/turn               (no ring)
                                (no ring)
                                (no ring)

@: very slightly contaminated
A: almost no armour, amphibious, 8 rings, camouflage 1, gelatinous body 1,
(nimble swimmer 1), tentacles
a: Renounce Religion


You were on level 1 of the Lair of Beasts.
You worshipped Sif Muna.
Sif Muna was noncommittal.
You visited 3 branches of the dungeon, and saw 10 of its levels.
You also visited: Sewer.

You collected 367 gold pieces.

Inventory:

Hand Weapons
 b - a +2 dagger of protection (weapon)
Missiles
 l - a curare-tipped dart
Magical Staves
 q - a staff of poison
Jewellery
 r - a ring of fire (left tentacle)
Wands
 c - a wand of digging (5)
 o - a wand of paralysis (1)
Scrolls
 h - 6 scrolls of teleportation
 k - a scroll of blinking
 n - 3 scrolls of enchant armour
 p - 5 scrolls of identify
Potions
 a - 3 potions of flight
 d - a potion of heal wounds
 f - a potion of invisibility
 g - 2 potions of curing
 i - a potion of cancellation
 j - 5 potions of haste
 m - 2 potions of resistance
 s - a potion of brilliance {unknown}
 t - a potion of berserk rage {unknown}


   Skills:
 + Level 3.1 Fighting
 + Level 2.6 Short Blades
 + Level 4.3 Dodging
 + Level 6.7 Stealth
 + Level 0.9 Unarmed Combat
 + Level 7.4 Spellcasting
 * Level 9.0 Conjurations
 + Level 1.0 Hexes
 * Level 9.5 Fire Magic
 + Level 3.6 Ice Magic
 * Level 3.0 Invocations
 + Level 0.1 Evocations


You had 5 spell levels left.
You knew the following spells:

 Your Spells              Type           Power      Damage    Failure   Level
a - Foxfire               Conj/Fire      100%       2x1d9     1%          1
b - Conjure Flame         Conj/Fire      63%        6-21      1%          3
c - Inner Flame           Hex/Fire       45%        N/A       2%          3
d - Sticky Flame          Conj/Fire      63%        2d8       1%          4
e - Fireball              Conj/Fire      31%        3d13      5%          5
f - Ozocubu's Armour      Ice            23%        N/A       5%          3

Your spell library contained the following spells:

 Spells                   Type           Power      Damage    Failure   Level
 Corona                   Hex            13%        N/A       5%          1
 Animate Skeleton         Necr           14%        N/A       9%          1
 Apportation              Tloc           14%        N/A       9%          1
 Pain                     Necr           28%        1d5       9%          1
 Summon Small Mammal      Summ           28%        N/A       9%          1
 Vampiric Draining        Necr           3%         2d6       26%         3
 Metabolic Englaciation   Hex/Ice        8%         N/A       65%         5
 Simulacrum               Ice/Necr       7%         N/A       99%         6


Dungeon Overview and Level Annotations

Branches:
Dungeon (8/15)             Temple (1/1) D:7            Lair (1/6) D:8
  Sewer (visited)

Altars:
Elyvilon
Fedhas
Gozag
Makhleb
Qazlal
Ru
Sif Muna
Uskayaw
Wu Jian
Yredelemnul
The Shining One

Shops:
D:1 ([

Annotations:
D:4 2 transporters
D:5 Xenoroth's ghost, novice MfGl
D:8 3 runed translucent doors, edearth's ghost, novice FeCj


Innate Abilities, Weirdness & Mutations

You cannot wear most types of armour.
You are amphibious.
You can wear up to eight rings at the same time.
Your skin changes colour to match your surroundings (Stealth+).
Your rubbery body absorbs attacks. (AC +1, EV +1)
((You are camouflaged near water. (Stealth+)))
You have tentacles for arms and can constrict up to eight enemies at once.


Message History

Confirm with . or Enter, or press ? or * to list all spells.
You feel a surge of power!
You conjure some foxfire!
The foxfire hits the cane toad.
The cane toad is lightly wounded.
The foxfire hits the cane toad but does no damage.
The cane toad is lightly wounded.
Casting: Foxfire (safe; 1% risk of failure)
Confirm with . or Enter, or press ? or * to list all spells.
Aiming: Fireball (dangerous; 5% risk of failure)
Press: ? - help, Shift-Dir - straight line, f - cane toad
Aim: a cane toad (lightly wounded)
You feel a surge of power!
The fireball explodes!
The fireball engulfs the cane toad.
The cane toad is moderately wounded.
You hear an angry hiss.
Casting: Fireball (dangerous; 5% risk of failure)
Confirm with . or Enter, or press ? or * to list all spells.
Aiming: Fireball (dangerous; 5% risk of failure)
Press: ? - help, Shift-Dir - straight line, f/p - cane toad
Aim: a cane toad (moderately wounded)
You feel a surge of power!
You miscast Fireball.
You are very lightly contaminated with residual magic.
Nothing appears to happen.
Unknown command.
Casting: Fireball (dangerous; 5% risk of failure)
Confirm with . or Enter, or press ? or * to list all spells.
Aiming: Sticky Flame (dangerous; 1% risk of failure)
Press: ? - help, Shift-Dir - straight line, f/p - cane toad
Aim: a cane toad (lightly wounded, 100% to hit)
You feel a surge of power!
The sticky flame hits the cane toad.
The cane toad is moderately wounded.
The cane toad is covered in liquid flames!
The cane toad burns!
The cane toad stings you!!
* * * LOW HITPOINT WARNING * * *
You are lethally poisoned!
The cane toad poisons you!
You feel better.
The cane toad burns!
A wyvern comes into view.
The cane toad stings you!!
You die...

## # #.### .. ....#
#.. ...P .# ...
#..# .#....... #..#
.#......# #/.##
.+......# #. #.@.#
.#......# #.○ #.F##
........# #.°.#$.#
.#......#.#.○.#..#
.#.......##.°.#..#
#.........#..○#..#
..............l..##
..................#
.................##


You could see a cane toad (burning) and a wyvern (wandering).

Vanquished Creatures
  A very ugly thing (D:8)
  A boulder beetle (Lair:1)
  2 two-headed ogres (D:8)
  Pikel (D:5)
  3 ugly things (D:8)
  Joseph (D:8)
  A rime drake (Lair:1)
  A komodo dragon (D:8)
  9 yaks
  Edmund (D:6)
  Menkaure (D:4)
  3 water moccasins
  2 sky beasts
  2 necrophages
  An ogre (D:5)
  An orc warrior (D:8)
  A phantom (D:5)
  A kobold brigand (Sewer)
  A bullfrog (Lair:1)
  A wyvern skeleton (D:7)
  2 jellies
  3 wights (D:7)
  A hound (D:3)
  2 orc priests
  A centaur skeleton (D:7)
  An iguana (D:7)
  4 orc wizards
  3 killer bee zombies (D:8)
  7 gnolls
  8 adders
  2 river rats (Sewer)
  3 shadow imps
  A white imp (D:8)
  3 worms
  A dart slug (D:2)
  28 orcs
  12 ball pythons
  2 bats
  6 endoplasms
  6 giant cockroaches
  3 goblins
  4 hobgoblins
  18 jackals
  2 quokkas
  A frilled lizard (D:1)
  16 kobolds
  10 rats
  A bush (D:1)
186 creatures vanquished.

Vanquished Creatures (collateral kills)
  3 foxfires
3 creatures vanquished.

Vanquished Creatures (others)
  621 foxfires
  A fungus (Lair:1)
  20 plants
642 creatures vanquished.

Grand Total: 831 creatures vanquished

Notes
Turn   | Place    | Note
-------+----------+-------------------------------------------
     0 | D:1      | Conn the Octopode Fire Elementalist began the quest for the
                  | Orb.
     0 | D:1      | Reached XP level 1. HP: 11/11 MP: 3/3
   353 | D:1      | Found Vistrodu's Antique Weapon Shoppe.
   414 | D:1      | Reached XP level 2. HP: 17/17 MP: 0/5
   643 | D:1      | Found Nitzuxatit's Antique Armour Emporium.
   962 | D:1      | Reached XP level 3. HP: 21/21 MP: 4/6
  2150 | D:2      | Learned a level 3 spell: Conjure Flame
  2154 | D:2      | Learned a level 3 spell: Inner Flame
  2297 | D:2      | Reached XP level 4. HP: 27/27 MP: 1/8
  3205 | D:3      | Found a stormy altar of Qazlal.
  3283 | D:3      | Found a white marble altar of Elyvilon.
  3351 | D:3      | Reached XP level 5. HP: 31/31 MP: 3/9
  3526 | D:3      | Reached skill level 1 in Short Blades
  3638 | D:3      | Found a glowing drain.
  3653 | Sewer    | Entered a sewer
  3823 | Sewer    | Noticed a kobold brigand
  3840 | Sewer    | Killed a kobold brigand
  3841 | Sewer    | Reached XP level 6. HP: 37/37 MP: 3/11
  4778 | D:3      | Found a sacrificial altar of Ru.
  5227 | D:4      | Noticed a necrophage
  5238 | D:4      | Killed a necrophage
  5239 | D:4      | Reached skill level 1 in Fighting
  5239 | D:4      | Reached XP level 7. HP: 37/43 MP: 10/13
  5299 | D:4      | Found a transporter.
  5306 | D:4      | Found a transporter.
  5318 | D:4      | Noticed Menkaure
  5346 | D:5      | Entered Level 5 of the Dungeon
  5632 | D:5      | Found a burning altar of Makhleb.
  5687 | D:5      | Found a runed translucent gate.
  5712 | D:5      | Found a runed translucent gate.
  5714 | D:5      | Found a runed translucent gate.
  5714 | D:5      | Noticed Xenoroth's ghost (novice MfGl)
  6095 | D:5      | Reached skill level 5 in Fire Magic
  6349 | D:5      | Reached XP level 8. HP: 17/48 MP: 2/14
  6644 | D:5      | Noticed Pikel
  6701 | D:5      | Killed Pikel
  6702 | D:5      | Reached skill level 5 in Spellcasting
  7081 | D:6      | Noticed Edmund
  7399 | D:4      | Killed Menkaure
  7400 | D:4      | Reached skill level 5 in Stealth
  7400 | D:4      | Reached skill level 1 in Hexes
  7529 | D:4      | Learned a level 4 spell: Sticky Flame
  7535 | D:4      | Learned a level 5 spell: Fireball
  8050 | D:6      | Reached skill level 5 in Conjurations
  8050 | D:6      | Reached XP level 9. HP: 52/54 MP: 15/17
  8268 | D:6      | HP: 1/54 [yak (10)]
  8670 | D:6      | Killed Edmund
  9274 | D:7      | Found an opulent altar of Gozag.
  9320 | D:7      | Learned a level 3 spell: Ozocubu's Armour
  9576 | D:7      | Reached skill level 1 in Ice Magic
  9935 | D:7      | Found a staircase to the Ecumenical Temple.
  9940 | Temple   | Entered the Ecumenical Temple
  9944 | Temple   | Became a worshipper of Sif Muna the Loreminder
 10235 | D:8      | Noticed Joseph
 10239 | D:8      | Found a staircase to the Lair.
 10240 | D:8      | Noticed a komodo dragon
 10246 | D:8      | Killed Joseph
 10247 | D:8      | Reached XP level 10. HP: 42/61 MP: 5/19
 10274 | D:8      | Found an ornate altar of the Wu Jian Council.
 10896 | D:8      | Found a runed translucent gate.
 10897 | D:8      | Found a runed translucent gate.
 10897 | D:8      | Found a runed translucent gate.
 10897 | D:8      | Noticed a red very ugly thing
 10899 | D:8      | Noticed a brown ugly thing
 10900 | D:8      | Noticed a green ugly thing
 11024 | D:8      | Found a blossoming altar of Fedhas.
 11039 | D:8      | Noticed a two-headed ogre
 11075 | D:8      | Killed a two-headed ogre
 11116 | D:8      | Noticed a two-headed ogre
 11127 | D:8      | Killed a two-headed ogre
 11760 | D:8      | Noticed a green ugly thing
 11893 | D:8      | Killed a white ugly thing
 11900 | D:8      | Killed a white ugly thing
 11931 | D:8      | Killed a white very ugly thing
 11932 | D:8      | Reached skill level 1 in Invocations
 11932 | D:8      | Reached XP level 11. HP: 57/66 MP: 7/21
 11938 | D:8      | Killed a white ugly thing
 12113 | D:8      | Found a runed translucent gate.
 12113 | D:8      | Found a runed translucent gate.
 12115 | D:8      | Noticed edearth's ghost (novice FeCj)
 12121 | D:8      | Found a runed translucent gate.
 12202 | Lair:1   | Entered Level 1 of the Lair of Beasts
 12466 | Lair:1   | Noticed a boulder beetle
 12482 | Lair:1   | Killed a boulder beetle
 12569 | Lair:1   | Slain by a cane toad

Illustrated notes

Levels and vault maps discovered:
D:1:      scummos_arrival_hexagon, layout_rooms, serial_forest,
          infiniplex_forest_clump_C, infiniplex_forest_clump_long,
          infiniplex_forest_straight_2, infiniplex_forest_lined_3,
          infiniplex_forest_straight_2, serial_shops, shop_statue, shop
D:2:      layout_basic
D:3:      layout_loops_ring, lemuel_crystal_altar,
          nicolae_qazlal_eye_of_the_storm, lemuel_coloured_pillars_altar,
          cheibrodos_sewer_entry_drain, minmay_curled_crystal
D:4:      gammafunk_steamed_eel, layout_loops_ring, uniq_menkaure
D:5:      layout_basic, marbit_many_paths, ebering_ghost_rock_garden,
          hangedman_decor_diamond_cutter, chequers_serial_rivers_micro_c,
          serial_bayou_ford_a, uniq_pikel
D:6:      layout_basic, uniq_edmund
D:7:      layout_cave_pools, grunt_gozag_breadcrumbs,
          minmay_temple_entry_nine_rooms
D:8:      layout_layer_cave, mainiacjoe_overflow_cross_hatched,
          mainiacjoe_overflow_small_starburst, david_lair_shrubbed,
          ploomutoo_gammafunk_ghost_potion_laboratory, uniq_joseph
Temple:   zaba_magenta_temple
Lair:1:   layout_regular_city, enter_volcano_4, nzn_sisyphean_effort,
          grunt_megastairs_4

Skill      XL: |  1  2  3  4  5  6  7  8  9 10 11 |
---------------+----------------------------------+-----
Stealth        | 3 4 5 6 |  6.7
Spellcasting   | 3 4 5 6 7 |  7.4
Short Blades   | 1 2 |  2.6
Conjurations   | 2 3 5 6 8 9 |  9.0
Fire Magic     | 4 5 6 8 9 |  9.5
Fighting       | 1 2 3 |  3.1
Dodging        | 3 4 |  4.3
Hexes          | 1 |  1.0
Ice Magic      | 2 3 |  3.6
Invocations    | 1 3 |  3.0
Unarmed Combat | |  0.9
Evocations     | |  0.1

Action                   |  1- 3 |  4- 6 |  7- 9 | 10-12 || total
-------------------------+-------+-------+-------+-------++-------
Melee: Unarmed           |     6 |       |       |       ||     6
       Constrict         |    14 |     4 |    16 |     2 ||    36
       Tentacles         |    48 |     8 |    13 |     2 ||    71
       Dagger            |   168 |    27 |    59 |    37 ||   291
       Punch             |     1 |       |     1 |       ||     2
 Cast: Foxfire           |    58 |   117 |   136 |    49 ||   360
       Conjure Flame     |     1 |       |    10 |     4 ||    15
       Inner Flame       |       |       |     3 |       ||     3
       Sticky Flame      |       |       |    13 |    19 ||    32
       Fireball          |       |       |     1 |     4 ||     5
       Ozocubu's Armour  |       |       |     1 |     2 ||     3
Evoke: Wand              |       |       |       |     4 ||     4
  Use: Potion            |     1 |     2 |     2 |     8 ||    13
       Scroll            |       |       |    10 |       ||    10
 Stab: Sleeping          |     1 |     1 |     3 |     2 ||     7
       Invisible         |       |       |       |     5 ||     5
       Paralysed         |       |       |       |     4 ||     4
Armor: Skin              |    11 |    12 |    15 |    23 ||    61
Dodge: Dodged            |    62 |    34 |    62 |    20 ||   178

Table legend: (Time is in decaauts)
 A = Elapsed time spent in this place.
 B = Non-inter-level travel time spent in this place.
 C = Inter-level travel time spent in this place.
 D = Time resting spent in this place.
 E = Time spent auto-exploring this place.
 F = Levels seen in this place.
 G = Mean time per level.
                   A        B        C        D        E       F      G
               +--------+--------+--------+--------+--------+-----+--------+
         Total |  12538 |  12324 |    214 |   1727 |   7198 |  11 | 1139.8 |
       Dungeon |  11338 |  11124 |    214 |   1544 |   6603 |   8 | 1417.2 |
        Temple |      8 |      8 |      0 |      0 |      0 |   1 |    8.0 |
          Lair |    344 |    344 |      0 |      0 |    166 |   1 |  344.0 |
         Sewer |    846 |    846 |      0 |    183 |    429 |   1 |  846.0 |
               +--------+--------+--------+--------+--------+-----+--------+

Top non-repeatable levels by time:
     D:5: 2654 daAuts
     D:8: 2129 daAuts
     D:1: 1628 daAuts
     D:2: 1372 daAuts
     D:3: 1249 daAuts
     D:6: 1075 daAuts
   Sewer: 846 daAuts
     D:7: 802 daAuts
     D:4: 426 daAuts
  Lair:1: 344 daAuts
  Temple: 8 daAuts
